 Dungeon Crawl Stone Soup version 0.26.1-11-gd32895ea62 (webtiles) character file.

Game seed: 15565830504471801484

4008 H0rd4k the Martial Artist (level 10, -6/61 HPs)
             Began as an Octopode Transmuter on May 4, 2021.
             Was an Initiate of Gozag.
             Mangled by an orc warlord
             ... wielding a +0 broad axe
              (32 damage)
             ... in a bailey on May 5, 2021.
             The game lasted 00:20:34 (13376 turns).

H0rd4k the Martial Artist (Octopode Transmuter)    Turns: 13376, Time: 00:20:36

Health: -6/61      AC:  1    Str: 10    XL:     10   Next: 23%
Magic:  13/18      EV: 15    Int: 18    God:    Gozag
Gold:   1783       SH:  0    Dex: 13    Spells: 8/20 levels left

rFire    x . .     SeeInvis +     - Unarmed
rCold    + . .     Faith    .   (shield currently unavailable)
rNeg     . . .     Spirit   .   (helmet restricted)
rPois    .         Reflect  .   (no amulet)
rElec    .         Harm     .   s - ring of wizardry
rCorr    .         Rampage  .   r - ring of see invisible
Will     .....                  v - ring of ice
Stlth    ++++......             (no ring)
HPRegen  0.20/turn              (no ring)
MPRegen  0.16/turn              (no ring)
                                (no ring)
                                (no ring)

@: blade tentacles, gold aura
A: almost no armour, stealthy swim, amphibious, 8 rings, constrict 8, camouflage
1, gelatinous body 1
a: End Transformation, Renounce Religion, Potion Petition, Call Merchant, Bribe
Branch


You were in a bailey.
You worshipped Gozag.
Gozag was most pleased with you.
You had blades for tentacles.
You visited 2 branches of the dungeon, and saw 9 of its levels.
You also visited: Sewer and Bailey.

You collected 1842 gold pieces.
You paid 59 gold pieces to Gozag.

Inventory:

Hand Weapons
 y - the +5 dagger of Sandy Duty {elec, rC+ Str+4}
   (You found it on level 7 of the Dungeon)

   Occasionally, upon striking a foe, it can discharge electrical energy and
   cause terrible harm.
   It affects your strength (+4).
   It protects you from cold.
Missiles
 l - 6 poisoned darts (quivered)
Magical Staves
 k - an uncursed staff of conjuration
Jewellery
 r - a ring of see invisible (right scythe-like blade)
 s - a ring of wizardry (left scythe-like blade)
 v - a ring of ice (on tentacle)
Wands
 c - a wand of flame (17)
 w - a wand of random effects (22)
Scrolls
 b - 3 scrolls of identify
 d - a scroll of blinking
 e - 5 scrolls of remove curse
 f - 2 scrolls of enchant weapon
 g - 9 scrolls of teleportation
 i - 2 scrolls of fear
 m - 3 scrolls of amnesia
 n - 2 scrolls of noise
Potions
 a - 7 potions of might
 h - a potion of brilliance {unknown}
 j - 3 potions of attraction
 o - 2 potions of mutation
 t - 2 potions of resistance
 u - 3 potions of curing
 x - a potion of flight {unknown}
 z - a potion of magic {unknown}


   Skills:
 + Level 2.7 Fighting
 + Level 0.4 Throwing
 + Level 4.9 Dodging
 + Level 7.2 Stealth
 + Level 9.0 Unarmed Combat
 * Level 5.7 Spellcasting
 * Level 6.1 Transmutations
 * Level 2.0 Ice Magic
 - Level 2.4 Poison Magic
 + Level 1.3 Evocations


You had 8 spell levels left.
You knew the following spells:

 Your Spells              Type           Power        Failure   Level
b - Spider Form           Tmut/Pois      10%          16%         3
c - Blade Hands           Tmut           13%          36%         5
d - Ice Form              Ice/Tmut       29%          32%         4

Your spell library contained the following spells:

 Spells                   Type           Power        Failure   Level
 Beastly Appendage        Tmut           54%          6%          1
 Wereblood                Tmut           27%          8%          2


Dungeon Overview and Level Annotations

Branches:
Dungeon (8/15)             Temple (1/1) D:4           Sewer (visited)
 Bailey (1/1)
   Lair: D:8-11

Altars:
Ashenzari
Dithmenos
Elyvilon
Gozag
Kikubaaqudgha
Makhleb
Nemelex Xobeh
Okawaru
Qazlal
Ru
Trog
Uskayaw
Wu Jian
Xom
Yredelemnul
The Shining One

Shops:
D:4 *

Annotations:
D:2 1 runed translucent door, exclusions: door and downstairs, Crazy Yiuf
D:3 2 transporters
D:6 exclusion: ice beast


Innate Abilities, Weirdness & Mutations

You cannot wear most types of armour.
You are very stealthy in the water. (Stealth+)
You are amphibious.
You can wear up to eight rings at the same time.
You can use your tentacles to constrict eight enemies at once.
Your skin changes colour to match your surroundings (Stealth+).
Your rubbery body absorbs attacks. (AC +1, EV +1)


Message History

You hit the orc warlord. Your grab misses the orc warlord.
The orc warlord is heavily wounded.
The orc warrior becomes distracted by the nearby gold, dreaming of imaginary riches.
The orc becomes distracted by the nearby gold, dreaming of imaginary riches.
The orc warlord unwields a +0 arbalest.
The orc warlord wields a +0 broad axe.
The orc warlord barely misses you.
The orc shouts!
The orc warrior shouts!
You slash the orc warlord! You grab the orc warlord.
The orc warlord is heavily wounded.
You constrict the orc warlord, but do no damage.
You hit the orc warlord but do no damage.
The orc warlord is heavily wounded.
You constrict the orc warlord, but do no damage.
The orc is no longer distracted by gold.
The goblin hits you with a +0 war axe!
The orc warlord hits you with a +0 broad axe!!
Ouch! That really hurt!
You die...
Your body crumbles into a pile of gold.

♣♣♣♣
###...[.....###..$$.
♣♣..♣♣♣♣♣
###.#[#.....### ###...
♣.......♣###.....###.###
###.
♣♣....[.##......([.###
##
♣.....[)#.......[...#$$
# ♣......)[[...)......#
$ #
...∩.∩..'[.[..⌠.....#$$
..'
♣.......[.....[.([..# $
..#
........#.......@...#$$
..##
♣.......##.....oog.###
.. #
♣.......♣###.....###g###
♣♣...♣♣♣♣ ###.#$#....g#
♣♣♣♣♣ ###$o......
#..g...... #.........
#.....⌠... #.........


You could see an orc warlord, an orc warrior (strong), an orc (strong) and 2
goblins.

Vanquished Creatures
  2 orc knights (Bailey)
  Sigmund (D:3)
  Eustachio (D:4)
  13 orc warriors
  An ice beast (D:6)
  A sky beast (D:7)
  An ogre (D:4)
  4 bullfrogs
  A water moccasin zombie (D:8)
  2 scorpions
  3 hounds
  A jelly (D:7)
  3 orc priests
  6 orc wizards
  A bullfrog skeleton (D:5)
  Terence (D:3)
  Natasha (thrice) (D:2)
  2 worker ants (D:5)
  6 gnolls (Bailey)
  9 adders
  A howler monkey skeleton (D:5)
  3 shadow imps
  3 white imps
  2 ufetubi
  7 worms
  10 leopard geckos
  27 orcs
  7 giant cockroaches
  22 goblins
  21 hobgoblins
  4 jackals (D:4)
  3 quokkas
  4 ball pythons
  9 bats
  9 frilled lizards
  A jackal skeleton (D:5)
  9 kobolds
  10 rats
214 creatures vanquished.

Notes
Turn   | Place    | Note
-------+----------+-------------------------------------------
     0 | D:1      | H0rd4k the Octopode Transmuter began the quest for the Orb.
     0 | D:1      | Reached XP level 1. HP: 13/13 MP: 3/3
   178 | D:1      | Reached XP level 2. HP: 16/18 MP: 5/5
   899 | D:2      | Reached XP level 3. HP: 16/23 MP: 6/6
  1012 | D:2      | Found a sacrificial altar of Ru.
  1023 | D:2      | Reached skill level 1 in Stealth
  1112 | D:2      | Noticed Natasha
  1122 | D:2      | Killed Natasha
  1123 | D:2      | Reached skill level 4 in Unarmed Combat
  1123 | D:2      | Reached XP level 4. HP: 14/28 MP: 7/7
  1347 | D:2      | Learned a level 3 spell: Spider Form
  1388 | D:2      | Found a runed translucent door.
  1389 | D:2      | Noticed Crazy Yiuf
  1580 | D:2      | Noticed Natasha
  1804 | D:2      | Killed Natasha
  1899 | D:2      | Reached XP level 5. HP: 33/33 MP: 8/8
  2449 | D:2      | Noticed Natasha
  2459 | D:2      | Killed Natasha
  2647 | D:3      | Found a transporter.
  2672 | D:3      | Found a transporter.
  3162 | D:3      | Noticed Sigmund
  3466 | D:3      | Killed Sigmund
  3467 | D:3      | Reached skill level 1 in Poison Magic
  3467 | D:3      | Reached XP level 6. HP: 16/38 MP: 6/10
  3772 | D:3      | Noticed Terence
  3793 | D:3      | Killed Terence
  5177 | D:3      | Reached skill level 5 in Unarmed Combat
  5177 | D:3      | Reached XP level 7. HP: 33/43 MP: 4/11
  5795 | D:4      | Found an ancient bone altar of Kikubaaqudgha.
  5851 | D:4      | Found Pankiyre's Assorted Antiques.
  6392 | D:4      | Noticed Eustachio
  6426 | D:4      | Found a staircase to the Ecumenical Temple.
  6430 | D:4      | Killed Eustachio
  6431 | D:4      | Reached skill level 5 in Stealth
  6547 | Temple   | Entered the Ecumenical Temple
  6646 | Temple   | Became a worshipper of Gozag Ym Sagoz the Greedy
  7072 | D:4      | Learned a level 5 spell: Blade Hands
  7102 | D:5      | Entered Level 5 of the Dungeon
  7107 | D:5      | Reached XP level 8. HP: 48/48 MP: 13/13
  7231 | D:5      | Identified the cursed +0 ring mail "Tugior" {-Cast rPois
                  | MP+9}
  7427 | D:5      | Found a sparkling altar of Nemelex Xobeh.
  7613 | D:5      | Reached skill level 6 in Unarmed Combat
  8454 | D:6      | Found a glowing drain.
  8547 | Sewer    | Entered a sewer
 10586 | D:7      | Reached skill level 7 in Unarmed Combat
 10586 | D:7      | Reached XP level 9. HP: 38/54 MP: 12/15
 11003 | D:7      | Noticed a moth of wrath
 11006 | D:7      | Found a bloodstained altar of Trog.
 11083 | D:7      | Got an encrusted dagger
 11403 | D:7      | Identified the +5 dagger of Sandy Duty {elec, rC+ Str+4}
                  | (You found it on level 7 of the Dungeon)
 11413 | D:7      | Learned a level 4 spell: Ice Form
 11680 | D:8      | Reached skill level 5 in Transmutations
 11708 | D:8      | Identified a scroll of acquirement
 11708 | D:8      | Acquired a book of Misfortune
 11730 | D:8      | Found a flagged portal.
 11741 | Bailey   | Entered a bailey
 12009 | Bailey   | HP: 1/54 [orc/+0 hand axe (6)]
 12558 | Bailey   | Noticed an orc knight
 12589 | Bailey   | Killed an orc knight
 12590 | Bailey   | Reached skill level 8 in Unarmed Combat
 12590 | Bailey   | Reached skill level 5 in Spellcasting
 12683 | Bailey   | Noticed an orc knight
 12695 | Bailey   | Killed an orc knight
 12766 | Bailey   | Reached skill level 1 in Evocations
 12766 | Bailey   | Reached XP level 10. HP: 61/61 MP: 16/18
 12801 | Bailey   | Reached skill level 1 in Ice Magic
 12847 | Bailey   | Noticed an orc warlord
 12934 | Bailey   | Reached skill level 9 in Unarmed Combat
 13342 | Bailey   | Acquired 650 gold pieces
 13376 | Bailey   | Mangled by an orc warlord

Illustrated notes

Levels and vault maps discovered:
D:1:      mainiacjoe_arrival_reflecting_pool, layout_rooms
D:2:      layout_basic, nicolae_ru_great_annihilating_truth, uniq_natasha,
          uniq_crazy_yiuf_cottage
D:3:      gammafunk_wand_slinger, layout_basic, uniq_terence, uniq_sigmund
D:4:      layout_basic, lemuel_crystal_altar, minmay_temple_entry_junction,
          serial_shops, shop, uniq_eustachio
D:5:      layout_layer_cave, nemelex_xobeh_ov_fountains_minmay
D:6:      layout_loops_ring, cheibrodos_sewer_entry_drain, serial_glass,
          glass_columns_c, glass_columns_b, minmay_fractal_squares_diagonal_5
D:7:      layout_loops_ring, tgw_trog, amcnicky_mini_corridor_feature,
          minmay_statues_item, kennysheep_potato
D:8:      layout_basic, enter_bailey_5
Temple:   minmay_crystal_spiral_temple
Bailey:   bailey_axe_minmay_hex_keep, bailey

Skill      XL: |  1  2  3  4  5  6  7  8  9 10 |
---------------+-------------------------------+-----
Stealth        | 2 3 4 5 7 |  7.2
Unarmed Combat | 4 5 7 8 9 |  9.0
Spellcasting   | 3 4 5 |  5.7
Poison Magic   | 1 2 |  2.4
Transmutations | 3 4 6 |  6.1
Dodging        | 3 4 |  4.9
Fighting       | 2 |  2.7
Evocations     | 1 |  1.3
Ice Magic      | 2 |  2.0
Throwing       | |  0.4

Action                   |  1- 3 |  4- 6 |  7- 9 | 10-12 || total
-------------------------+-------+-------+-------+-------++-------
Melee: Unarmed           |    65 |   119 |   324 |    66 ||   574
       Constrict         |    16 |    24 |    49 |     4 ||    93
       Tentacles         |    12 |    16 |    28 |     2 ||    58
       Punch             |     2 |     3 |     6 |     1 ||    12
Throw: Dart              |       |     4 |       |       ||     4
 Cast: Spider Form       |       |     5 |    22 |     5 ||    32
       Blade Hands       |       |       |     2 |     1 ||     3
Evoke: Wand              |       |       |     7 |     7 ||    14
  Use: Potion            |       |     2 |     1 |       ||     3
       Scroll            |       |     1 |    13 |     3 ||    17
 Stab: Sleeping          |     8 |    15 |     9 |       ||    32
       Distracted        |       |       |     3 |     1 ||     4
Armor: Skin              |     6 |     5 |    17 |       ||    28
Dodge: Dodged            |    47 |    76 |   232 |    48 ||   403
